Map: Odyssey LE

Players

Metasapien

  • Race: Zerg Zerg
  • League: Platinum
  • Spawn Location: 5:00

Cheater 1 (Resources) - Winner!

  • Race: Protoss Protoss
  • Spawn Location: 11:00

VOD

Have the link to the VOD?

Description

Time

  • Played on: Sept. 24, 2017, 10:07 p.m.
  • Length: 13:33
Show
View Real Time Build Order
Export as new Build Order

Metasapien Zerg 

Build Orders: Hatch First 

Get SALT Encoding   

  12  0:10  Overlord  
  12  0:29  Drone  
  13  0:40  Extractor  
  12  0:47  Hatchery  
  12  0:48  Drone  
  12  0:53  Drone  
  13  0:58  Drone  
  13  1:03  Drone  
  15  1:21  Spawning Pool  
  14  1:27  Drone  
  14  1:29  Drone  
  16  1:35  Drone  
  17  1:43  Drone  
  18  1:55  Drone  
  19  2:02  Drone  
  20  2:24  Overlord  
  20  2:26  Drone  
  20  2:27  Hatchery  
  20  2:29  Drone  
  21  2:31  Drone  
  21  2:33  Drone  
  23  2:48  Drone  
  23  2:49  Drone  
  23  2:51  Lair  
  25  2:53  Drone x2  
  27  3:00  Drone, Extractor  
  27  3:02  Queen  
  29  3:05  Drone  
  29  3:09  Drone  
  31  3:14  Overlord  
  31  3:20  Roach Warren  
  31  3:21  Drone  
  31  3:25  Drone  
  32  3:29  Overlord  
  32  3:36  Drone  
  33  3:41  Drone  
  33  3:43  Extractor  
  33  3:44  Drone, Queen  
  36  3:49  Queen  
  36  3:55  Drone x2, Infestation Pit, Spire  
  38  3:57  Drone  
  38  4:01  Drone x2  
  41  4:08  Overlord  
  41  4:11  Drone x2  
  41  4:12  Drone  
  41  4:16  Drone x2  
  46  4:17  Drone  
  46  4:23  Drone  
  48  4:40  Pneumatized Carapace  
  48  4:42  Burrow  
  48  4:47  Drone x2  
  48  4:48  Drone  
  48  4:51  Roach x3  
  57  4:58  Drone x4  
  57  4:59  Drone  
  62  5:02  Queen  
  64  5:07  Overlord x2  
  64  5:08  Overlord  
  64  5:11  Extractor  
  63  5:14  Extractor  
  63  5:20  Drone  
  63  5:22  Queen  
  63  5:24  Spore Crawler  
  63  5:25  Drone  
  63  5:26  Drone x2  
  67  5:32  Evolution Chamber  
  66  5:41  Evolution Chamber  
  65  5:45  Drone x2  
  65  5:47  Drone x3  
  65  5:48  Drone x4  
  74  5:51  Mutalisk x3  
  74  5:53  Queen  
  74  5:55  Roach  
  74  5:56  Overlord  
  84  6:01  Drone  
  85  6:12  Hatchery  
  85  6:14  Zerg Missile Weapons Level 1  
  85  6:15  Zerg Ground Armor Level 1  
  84  6:22  Spore Crawler  
  84  6:25  Roach x4  
  91  6:30  Zergling x6  
  94  6:42  Roach x2  
  98  6:51  Hydralisk Den  
  97  7:01  Drone  
  97  7:02  Drone, Hatchery  
  97  7:07  Hive  
  98  7:10  Zerg Flyer Weapons Level 1  
  98  7:12  Overlord x6  
  98  7:13  Overlord  
  98  7:23  Queen x2  
  98  7:29  Nydus Network  
  101  7:36  Queen  
  103  7:45  Drone x2  
  103  7:46  Overlord x3  
  105  7:52  Drone, Hydralisk x2  
  105  7:53  Hydralisk x5  
  105  7:54  Hydralisk x2  
  124  8:06  Extractor  
  124  8:09  Drone x4, Extractor  
  124  8:10  Hydralisk x4  
  134  8:13  Zergling x8  
  136  8:30  Mutalisk x2  
  136  8:37  Zerg Melee Weapons Level 1  
  136  8:48  Spawning Pool  
  136  8:49  Drone x3  
  136  8:50  Drone x3  
  140  8:56  Viper  
  140  9:17  Hydralisk x3  
  140  9:18  Hydralisk x4  
  140  9:22  Hatchery  
  140  9:23  Hydralisk  
  157  9:24  Zergling x2, Roach  
  157  9:25  Zergling x30  
  157  9:27  Hatchery  
  172  9:40  Zergling x2  
  172  9:41  Zergling x18  
  172  9:44  Zerg Ground Armor Level 2  
  182  9:55  Overlord x3  
  182  9:56  Overlord x2  
  176  10:04  Extractor  
  151  10:09  Ultralisk Cavern  
  151  10:11  Hydralisk x5  
  151  10:12  Roach x4, Hydralisk  
  151  10:13  Roach  
  102  10:41  Zergling x2  
  102  10:42  Zergling x28  
  106  10:51  Drone  
  106  10:52  Drone, Queen  
  102  10:58  Queen  
  102  11:02  Hydralisk x5  
  102  11:03  Hydralisk x2  
  112  11:04  Zergling x2  
  99  11:24  Extractor  
  90  11:25  Extractor  
  90  11:32  Ultralisk x3  
  103  11:40  Drone  
  103  11:41  Drone x2  
  103  11:46  Drone x3  
  103  11:47  Drone  
  108  12:03  Zergling x2  
  108  12:04  Zergling x28  
  118  12:25  Zergling x2  
  118  12:26  Zergling x20  
  118  12:27  Zergling x2  
  99  13:01  Hydralisk x2  
  99  13:02  Hydralisk x3  
Show
View Real Time Build Order
Export as new Build Order

Cheater 1 (Resources) Protoss - Winner!

Build Orders: 1 Gate Expand, Zealot Archon 

Get SALT Encoding   

  12  0:01  Probe (Chrono Boost)  
  13  0:11  Probe (Chrono Boost)  
  14  0:19  Pylon  
  14  0:22  Probe (Chrono Boost)  
  15  0:37  Probe (Chrono Boost)  
  15  0:40  Gateway  
  16  0:48  Probe (Chrono Boost)  
  17  0:58  Probe (Chrono Boost)  
  18  1:08  Assimilator  
  18  1:09  Probe (Chrono Boost)  
  19  1:12  Pylon  
  19  1:19  Probe (Chrono Boost)  
  20  1:30  Probe (Chrono Boost)  
  21  1:33  Cybernetics Core  
  21  1:41  Nexus  
  21  1:46  Zealot  
  23  2:01  Gateway  
  23  2:02  Probe (Chrono Boost)  
  24  2:10  Pylon  
  24  2:13  Probe (Chrono Boost)  
  25  2:15  Zealot  
  25  2:16  Warp Gate  
  27  2:25  Probe (Chrono Boost)  
  28  2:32  Assimilator  
  29  2:37  Probe (Chrono Boost)  
  29  2:41  Adept  
  31  2:46  Adept  
  31  2:49  Probe (Chrono Boost)  
  34  2:54  Probe (Chrono Boost)  
  34  2:55  Pylon  
  35  3:00  Probe (Chrono Boost)  
  36  3:07  Adept  
  36  3:11  Sentry  
  36  3:12  Probe (Chrono Boost)  
  41  3:21  Probe (Chrono Boost)  
  41  3:23  Probe (Chrono Boost)  
  43  3:32  Stalker  
  43  3:33  Probe (Chrono Boost)  
  44  3:35  Robotics Facility  
  44  3:37  Probe (Chrono Boost)  
  47  3:41  Adept  
  47  3:44  Probe (Chrono Boost)  
  51  3:49  Probe (Chrono Boost)  
  52  3:56  Probe (Chrono Boost)  
  52  4:00  Probe (Chrono Boost)  
  52  4:01  Adept  
  55  4:02  Forge  
  55  4:07  Probe (Chrono Boost)  
  56  4:15  Probe (Chrono Boost), Pylon  
  57  4:18  Probe (Chrono Boost)  
  57  4:21  Immortal  
  62  4:33  Stalker  
  62  4:34  Probe x2 (Chrono Boost), Pylon  
  62  4:36  Stalker  
  68  4:39  Photon Cannon  
  68  4:42  Photon Cannon  
  70  4:45  Probe (Chrono Boost)  
  70  4:46  Probe (Chrono Boost), Robotics Facility  
  70  4:55  Stalker  
  70  4:57  Probe (Chrono Boost)  
  70  4:58  Probe (Chrono Boost), Immortal  
  74  5:01  Pylon  
  74  5:04  Pylon  
  78  5:19  Stalker x2  
  78  5:20  Probe x2 (Chrono Boost)  
  84  5:28  Pylon  
  84  5:32  Twilight Council  
  84  5:34  Assimilator  
  84  5:36  Assimilator, Gateway  
  84  5:40  Zealot  
  86  5:54  Forge  
  86  5:56  Probe (Chrono Boost)  
  87  5:59  Probe (Chrono Boost), Pylon  
  87  6:02  Nexus  
  88  6:06  Probe (Chrono Boost)  
  88  6:10  Probe (Chrono Boost)  
  90  6:12  Templar Archives  
  90  6:20  Pylon  
  90  6:24  Stalker  
  92  6:27  Gateway, Stalker  
  94  6:34  Sentry  
  94  6:37  Protoss Ground Weapons Level 1  
  96  6:41  Photon Cannon  
  96  6:44  Pylon  
  96  6:45  Protoss Ground Armor Level 1  
  96  6:46  Zealot  
  98  6:50  High Templar  
  98  6:51  Warp Prism  
  102  6:55  High Templar  
  102  7:00  Warp Prism  
  104  7:04  Photon Cannon  
  104  7:05  Stalker  
  104  7:06  Archon  
  104  7:07  Photon Cannon  
  108  7:15  Pylon  
  111  7:16  Probe x3 (Chrono Boost)  
  111  7:20  Stalker  
  111  7:21  High Templar  
  115  7:26  Observer  
  115  7:27  Probe (Chrono Boost), High Templar  
  115  7:28  Probe (Chrono Boost)  
  115  7:29  Probe (Chrono Boost), Nexus, Assimilator  
  121  7:30  Stalker  
  121  7:31  Pylon  
  121  7:34  Gateway  
  121  7:36  Assimilator  
  123  7:39  Probe (Chrono Boost), Archon  
  123  7:40  Probe (Chrono Boost)  
  123  7:41  Probe (Chrono Boost)  
  123  7:43  Stalker  
  128  7:50  Probe (Chrono Boost)  
  128  7:51  Probe (Chrono Boost), Photon Cannon, High Templar  
  130  7:53  Probe (Chrono Boost)  
  130  7:54  Pylon  
  130  7:57  High Templar  
  135  8:01  Probe (Chrono Boost)  
  135  8:03  Probe (Chrono Boost)  
  135  8:04  Archon  
  135  8:05  Probe (Chrono Boost), High Templar  
  140  8:10  Sentry  
  143  8:13  Probe (Chrono Boost)  
  143  8:14  Probe (Chrono Boost)  
  143  8:17  Probe (Chrono Boost), Blink  
  143  8:18  Pylon  
  145  8:21  Photon Cannon, High Templar  
  145  8:24  Photon Cannon  
  147  8:27  Zealot  
  147  8:28  Zealot  
  147  8:30  Psionic Storm  
  147  8:32  Zealot  
  153  8:35  Archon, Zealot  
  153  8:40  Pylon  
  155  8:46  Zealot  
  155  8:47  High Templar  
  159  8:49  Assimilator  
  159  8:51  Zealot  
  159  8:52  Observer, Zealot  
  159  8:53  Pylon, Zealot  
  159  8:54  Assimilator  
  166  8:57  Observer, Protoss Ground Weapons Level 2  
  167  9:04  High Templar  
  167  9:07  Photon Cannon  
  169  9:10  Zealot  
  169  9:11  Zealot  
  169  9:12  Zealot  
  169  9:13  Gateway  
  169  9:14  Immortal  
  169  9:16  Photon Cannon  
  179  9:18  Immortal, Zealot  
  179  9:19  Pylon  
  179  9:20  Nexus  
  185  9:30  Stalker, Sentry  
  189  9:32  Sentry  
  189  9:35  Stalker  
  193  9:42  Robotics Facility  
  193  9:43  Zealot  
  193  9:45  Photon Cannon  
  195  9:48  Archon  
  195  9:52  Zealot  
  197  9:53  Zealot  
  197  9:56  Zealot  
  197  9:57  Stalker  
  199  10:02  Stalker  
  199  10:03  Stargate  
  197  10:08  Photon Cannon  
  197  10:10  Photon Cannon  
  197  10:12  Charge  
  197  10:13  Zealot  
  197  10:14  Zealot  
  197  10:15  Zealot x2  
  197  10:18  Forge, Zealot  
  181  10:23  Observer  
  181  10:24  Zealot  
  163  10:32  Stalker  
  163  10:33  Zealot  
  163  10:34  Zealot x2  
  161  10:37  Zealot  
  161  10:38  Protoss Ground Armor Level 2  
  163  10:43  Adept  
  165  10:51  Stalker  
  165  10:52  Stalker  
  165  10:53  Adept, Sentry  
  165  10:55  Pylon  
  165  10:56  Stalker  
  175  11:01  Sentry  
  175  11:05  Assimilator  
  175  11:06  Immortal  
  175  11:08  Assimilator  
  175  11:11  Immortal  
  175  11:12  Sentry  
  175  11:13  Adept, Stalker  
  175  11:15  Photon Cannon  
  175  11:16  Nexus  
  185  11:25  Pylon  
  185  11:26  Stalker  
  185  11:28  Protoss Shields Level 1, Stalker  
  185  11:30  Adept  
  185  11:31  Sentry  
  185  11:32  Immortal  
  197  11:47  Photon Cannon  
  197  11:49  Photon Cannon  
  197  11:51  Photon Cannon  
  197  12:21  Zealot  
  199  12:27  Robotics Bay  
  199  12:33  Zealot  
  199  12:38  Pylon  
  199  12:39  Zealot  
  199  12:41  Probe (Chrono Boost)  
  199  12:42  Probe (Chrono Boost)  
  199  12:43  Probe (Chrono Boost)  
  200  12:44  Probe (Chrono Boost)  
  200  12:45  Probe (Chrono Boost), Zealot  
  200  12:46  Probe (Chrono Boost), Zealot  
  195  12:52  Probe (Chrono Boost)  
  195  12:53  Probe (Chrono Boost)  
  191  12:58  Photon Cannon  
  191  12:59  Zealot  
  191  13:00  Zealot  
  191  13:01  Zealot  
  190  13:06  Probe (Chrono Boost), Zealot  
  190  13:07  Zealot  
  190  13:08  Probe (Chrono Boost)  
  190  13:09  Zealot  
  190  13:11  Probe (Chrono Boost)  
  190  13:12  Probe x2 (Chrono Boost)  
  185  13:13  Probe (Chrono Boost)  
  185  13:14  Pylon  
  185  13:15  Pylon  
  185  13:17  Probe (Chrono Boost)  
  185  13:18  Adept  
  185  13:19  Probe (Chrono Boost), High Templar  
  196  13:20  Stalker  
  196  13:22  Probe (Chrono Boost)  
  196  13:33  Photon Cannon  
Tags
 
Add a new tag
Caveats
  • Supply blocks, unpowered buildings, or Contaminate may cause inaccurate times.
  • Supply counts are checked every 10 seconds.